 Dungeon Crawl Stone Soup version 0.29.0-4-gdea44cf6ec (webtiles) character file.

Game seed: 1307846253845998797

732 qw the Grappler (level 7, -9/67 HPs)
             Began as a Troll Cinder Acolyte on Sept 1, 2022.
             Was a High Priest of Ignis.
             Mangled by a two-headed ogre
             ... wielding a +0 giant club
              (34 damage)
             ... on level 5 of the Dungeon.
             The game lasted 00:02:13 (3507 turns).

qw the Grappler (Troll Cinder Acolyte)              Turns: 3507, Time: 00:02:14

Health: -9/67      AC:  4    Str: 29    XL:     7   Next: 45%
Magic:  7/7        EV:  9    Int: 10    God:    Ignis [*****.]
Gold:   185        SH:  0    Dex:  5    Spells: 8/8 levels left

rFire   + + .      SeeInvis .     - Unarmed
rCold   . . .      Faith    .   (no shield)
rNeg    . . .      Spirit   .   a - +0 robe
rPois   .          Reflect  .   (helmet restricted)
rElec   .          Harm     .   (no cloak)
rCorr   +          Rampage  .   (gloves unavailable)
Will    .....                   (boots unavailable)
Stlth   +.........              b - amulet of regeneration
HPRegen 1.81/turn               g - +6 ring of strength
MPRegen 0.10/turn               p - ring of resist corrosion

@: no status effects
A: large, unfitting armour, claws 3, regeneration 1, shaggy fur 1, tough skin 1,
fire resistance 1, weak 1
a: Renounce Religion, Fiery Armour, Foxfire Swarm, Rising Flame


You were on level 5 of the Dungeon.
You worshipped Ignis.
Ignis was extremely pleased with you.
You visited 1 branch of the dungeon, and saw 5 of its levels.

You collected 185 gold pieces.


Innate Abilities, Weirdness & Mutations

You are too large for most types of armour.
You have claws for hands.
Your natural rate of healing is unusually fast.
You are covered in fur. (AC +1)
You have tough skin. (AC +1)
Your flesh is heat resistant. (rF+)
You are weak. (Str -2)


   Skills:
 - Level 3.0 Fighting
 + Level 8.6 Unarmed Combat
 - Level 1.0 Spellcasting
 - Level 2.1 Fire Magic


You had 8 spell levels left.
You didn't know any spells.
Your spell library contained the following spells:

 Spells                   Type           Power      Damage    Failure   Level
 Scorch                   Fire           8%         2d5       22%         2

Inventory:

Armour
 a - a +0 robe (worn)
Jewellery
 b - an amulet of regeneration (around neck)
 g - a +6 ring of strength (left claw)
 h - a +6 ring of dexterity
 p - a ring of resist corrosion (right claw)
Scrolls
 j - a scroll of teleportation
 k - a scroll of enchant armour
 m - a scroll of identify
Potions
 c - 3 potions of mutation
 d - a potion of heal wounds {unknown}
 e - a potion of invisibility {unknown}
 f - a potion of magic {unknown}
 n - a potion of haste {unknown}
 o - a potion of cancellation {unknown}

Dungeon Overview and Level Annotations

Branches:
Dungeon (5/15)
 Temple: D:4-7

Altars:
Xom


Message History

You start resting.
HP restored.
You see here a quokka corpse.
You see here a quokka corpse.
You see here a +0 buckler.
An ogre comes into view. It is wielding a +0 giant spiked club.
The ogre shouts!
An ogre is nearby!
You closely miss the ogre. You claw the ogre!!
The ogre is severely wounded.
The ogre hits you with a +0 giant spiked club!
You barely miss the ogre.
The ogre is severely wounded.
You claw the ogre!
You kill the ogre!
You start resting.
HP restored.
Things that are here:
a +0 giant spiked club; an ogre corpse
Found a whip.
A two-headed ogre comes into view. It is wielding two +0 giant clubs.
The two-headed ogre shouts in stereo!
Enter note: You claw the two-headed ogre!
The two-headed ogre is lightly wounded.
You barely miss the two-headed ogre.
The two-headed ogre is lightly wounded.
The two-headed ogre barely misses you.
The two-headed ogre hits you with a +0 giant club!
You scratch the two-headed ogre.
The two-headed ogre is moderately wounded.
The two-headed ogre hits you with a +0 giant club.
The two-headed ogre barely misses you.
You scratch the two-headed ogre.
The two-headed ogre is moderately wounded.
You scratch the two-headed ogre but do no damage.
The two-headed ogre is moderately wounded.
The two-headed ogre hits you with a +0 giant club!! x2
Ouch! That really hurt!
You die...

#..# #..# #########
#..# ##........ #..###
##......... #..#.
#.......... #...
###....###### #.O#
#.#.....# ###.@#
#.#....%####
#....####.#........##
#.#.....#.##)...>.....
#.#....#..............
#...........<).#####.
#..............# ##
...................# #
....................#
.....)..............^#
#


You could see a two-headed ogre.

Vanquished Creatures
  Edmund (D:3)
  An ogre (D:5)
  A necrophage (D:3)
  A scorpion (D:4)
  2 hounds (D:5)
  A jelly (D:4)
  A scorpion zombie (D:3)
  2 iguanas (D:4)
  An orc wizard (D:5)
  A hound zombie (D:3)
  3 gnolls (D:2)
  8 adders
  3 adder zombies (D:3)
  3 worms
  2 dart slugs
  4 orcs
  3 bats
  2 endoplasms (D:3)
  A giant cockroach (D:3)
  7 goblins
  10 hobgoblins
  7 jackals (D:1)
  5 kobolds
  2 quokkas
  8 ball pythons
  A ball python zombie (D:3)
  5 frilled lizards
  A giant cockroach zombie (D:3)
  A jackal zombie (D:3)
  2 quokka zombies (D:3)
  A rat (D:1)
91 creatures vanquished.

Vanquished Creatures (others)
  3 withered plants (D:3)
3 creatures vanquished.

Grand Total: 94 creatures vanquished

Notes
Turn   | Place    | Note
-------+----------+-------------------------------------------
     0 | D:1      | qw the Troll Cinder Acolyte began the quest for the Orb.
     0 | D:1      | Reached XP level 1. HP: 22/22 MP: 1/1
     0 | D:1      | 0 ||| qw: Version: 0.1-a-97-g2dd2ca4
     0 | D:1      | 0 ||| qw: Game counter: 4821
     0 | D:1      | 0 ||| qw: Always use a shield: true
     0 | D:1      | 0 ||| qw: God list: Okawaru
     0 | D:1      | 0 ||| qw: Allow faded altars: false
     0 | D:1      | 0 ||| qw: Do Orc after D:15 true
     0 | D:1      | 0 ||| qw: Do second Lair branch before Depths: true
     0 | D:1      | 0 ||| qw: Lair rune preference: random
     0 | D:1      | 0 ||| qw: Plans: Normal
     0 | D:1      | 0 ||| PLANNING D:1-11
     3 | D:1      | Noticed an electric eel
     4 | D:1      | Noticed an electric eel
    29 | D:1      | Found a faded altar of an unknown god.
    69 | D:1      | 69 ||| Stepping ~*~*~tactically~*~*~ (outnumbered).
    70 | D:1      | 70 ||| Stepping ~*~*~tactically~*~*~ (outnumbered).
    71 | D:1      | 71 ||| Stepping ~*~*~tactically~*~*~ (outnumbered).
    72 | D:1      | 72 ||| Stepping ~*~*~tactically~*~*~ (outnumbered).
    73 | D:1      | 73 ||| Stepping ~*~*~tactically~*~*~ (outnumbered).
    75 | D:1      | 75 ||| Stepping ~*~*~tactically~*~*~ (outnumbered).
   184 | D:1      | Reached XP level 2. HP: 29/29 MP: 2/2
   406 | D:1      | 406 ||| Stepping ~*~*~tactically~*~*~ (outnumbered).
   407 | D:1      | 407 ||| Stepping ~*~*~tactically~*~*~ (outnumbered).
   438 | D:1      | Reached skill level 4 in Unarmed Combat
   474 | D:1      | 474 ||| Stepping ~*~*~tactically~*~*~ (stealth).
   486 | D:1      | 486 ||| Stepping ~*~*~tactically~*~*~ (hiding).
   519 | D:1      | Reached XP level 3. HP: 36/36 MP: 3/3
   704 | D:1      | 704 ||| DROPPING +6 ring of intelligence.
   705 | D:1      | 705 ||| READING scroll labelled TOTILE QAFAENAMIZ.
   710 | D:1      | 710 ||| READING scroll labelled TYOKUO QAGHUARGH.
   711 | D:1      | 711 ||| READING scroll labelled MOCRAZO DENG.
   712 | D:1      | 712 ||| READING scroll labelled FOBULL AM TITH.
   778 | D:2      | You fall into a shaft and drop 1 floor!
   779 | D:3      | 779 ||| PLANNING SEWER
   913 | D:3      | Noticed a necrophage
   930 | D:3      | Killed a necrophage
   931 | D:3      | Reached skill level 5 in Unarmed Combat
   931 | D:3      | Reached XP level 4. HP: 32/44 MP: 4/4
  1060 | D:3      | 1060 ||| Stepping ~*~*~tactically~*~*~ (stealth).
  1139 | D:3      | Reached XP level 5. HP: 48/50 MP: 5/5
  1326 | D:3      | Found a shimmering altar of Xom.
  1354 | D:3      | Reached skill level 6 in Unarmed Combat
  1488 | D:3      | 1488 ||| RIP SEWER
  1520 | D:3      | 1520 ||| PLANNING D:1-11
  1520 | D:3      | 1520 ||| UPGRADING to amulet of regeneration.
  1525 | D:3      | 1525 ||| UPGRADING to +6 ring of strength.
  1526 | D:3      | 1526 ||| READING scroll labelled BAF LAIZIUTRI.
  1527 | D:3      | 1527 ||| READING scroll labelled RUFUB TISOUTE.
  1528 | D:3      | 1528 ||| DRINKING 3 fuming white potions.
  1528 | D:3      | Gained mutation: You are weak. (Str -2) [potion of
                  | mutation]
  1528 | D:3      | Gained mutation: Your flesh is heat resistant. (rF+)
                  | [potion of mutation]
  1529 | D:3      | 1529 ||| READING scroll of teleportation.
  1597 | D:2      | 1597 ||| Stepping ~*~*~tactically~*~*~ (hiding).
  1601 | D:2      | 1601 ||| Stepping ~*~*~tactically~*~*~ (stealth).
  1605 | D:2      | 1605 ||| INVOKING Fiery Armour.
  1612 | D:2      | 1612 ||| Stepping ~*~*~tactically~*~*~ (stealth).
  2099 | D:2      | 2099 ||| READING 2 scrolls labelled GISSOH ZEMANACH.
  2100 | D:2      | 2100 ||| READING 2 scrolls labelled BAMONGOXZEGH.
  2101 | D:2      | 2101 ||| DROPPING scroll of blinking.
  2102 | D:2      | 2102 ||| DROPPING scroll of butterflies.
  2178 | D:3      | 2178 ||| Stepping ~*~*~tactically~*~*~ (outnumbered).
  2179 | D:3      | 2179 ||| Stepping ~*~*~tactically~*~*~ (outnumbered).
  2180 | D:3      | 2180 ||| Stepping ~*~*~tactically~*~*~ (outnumbered).
  2181 | D:3      | 2181 ||| Stepping ~*~*~tactically~*~*~ (outnumbered).
  2182 | D:3      | 2182 ||| Stepping ~*~*~tactically~*~*~ (outnumbered).
  2183 | D:3      | 2183 ||| Stepping ~*~*~tactically~*~*~ (outnumbered).
  2184 | D:3      | 2184 ||| Stepping ~*~*~tactically~*~*~ (outnumbered).
  2185 | D:3      | 2185 ||| Stepping ~*~*~tactically~*~*~ (outnumbered).
  2187 | D:3      | 2187 ||| Stepping ~*~*~tactically~*~*~ (outnumbered).
  2188 | D:3      | 2188 ||| Stepping ~*~*~tactically~*~*~ (outnumbered).
  2189 | D:3      | 2189 ||| Stepping ~*~*~tactically~*~*~ (outnumbered).
  2190 | D:3      | 2190 ||| Stepping ~*~*~tactically~*~*~ (outnumbered).
  2191 | D:3      | 2191 ||| Stepping ~*~*~tactically~*~*~ (outnumbered).
  2192 | D:3      | 2192 ||| Stepping ~*~*~tactically~*~*~ (outnumbered).
  2197 | D:3      | 2197 ||| Stepping ~*~*~tactically~*~*~ (outnumbered).
  2198 | D:3      | 2198 ||| Stepping ~*~*~tactically~*~*~ (outnumbered).
  2199 | D:3      | 2199 ||| Stepping ~*~*~tactically~*~*~ (outnumbered).
  2409 | D:4      | Noticed Edmund
  2415 | D:4      | 2415 ||| STAIRDANCE
  2423 | D:3      | Killed Edmund
  2424 | D:3      | Reached skill level 7 in Unarmed Combat
  2424 | D:3      | Reached XP level 6. HP: 39/59 MP: 6/6
  2438 | D:3      | 2438 ||| DRINKING 2 sapphire potions.
  2439 | D:3      | 2439 ||| DROPPING potion of flight.
  2446 | D:4      | 2446 ||| STAIRDANCE
  2500 | D:4      | 2500 ||| Stepping ~*~*~tactically~*~*~ (stealth).
  2524 | D:4      | 2524 ||| Stepping ~*~*~tactically~*~*~ (stealth).
  2716 | D:4      | 2716 ||| Stepping ~*~*~tactically~*~*~ (hiding).
  2962 | D:4      | Reached skill level 8 in Unarmed Combat
  3022 | D:4      | 3022 ||| Stepping ~*~*~tactically~*~*~ (outnumbered).
  3025 | D:4      | Reached XP level 7. HP: 66/66 MP: 7/7
  3243 | D:4      | 3243 ||| UPGRADING to ring of resist corrosion.
  3244 | D:4      | 3244 ||| READING scroll labelled WAENUT NORANUC.
  3245 | D:4      | 3245 ||| READING scroll labelled YXOSCH WAWK.
  3263 | D:4      | 3263 ||| READING scroll labelled VIKHEI UDWEAGEOP.
  3264 | D:4      | 3264 ||| DRINKING 3 metallic green potions.
  3312 | D:4      | 3312 ||| DRINKING 3 coppery potions.
  3313 | D:4      | 3313 ||| DROPPING 2 potions of lignification.
  3338 | D:5      | Entered Level 5 of the Dungeon
  3342 | D:5      | 3342 ||| DRINKING 2 potions of curing.
  3342 | D:5      | 3342 ||| (to cure confusion)
  3346 | D:5      | 3346 ||| DRINKING potion of curing.
  3346 | D:5      | 3346 ||| (to cure confusion)
  3349 | D:5      | Reached skill level 3 in Fighting
  3501 | D:5      | Noticed a two-headed ogre
  3507 | D:5      | Mangled by a two-headed ogre

Levels and vault maps discovered:
D:1:      arrival_aquarium_b, layout_basic,
          dreamdust_ecumenical_altar_hidden_monk_grotto
D:2:      layout_loops_ring, uniq_crazy_yiuf_cottage
D:3:      layout_basic, mainiacjoe_overflow_tiny_flanked, serial_undead,
          serial_undead_a, serial_undead_b, serial_undead_a, serial_undead_b,
          serial_undead_d, serial_undead_e, serial_undead_b, serial_undead_d,
          serial_undead_e, serial_undead_c, portal_sewer_entry_d
D:4:      minmay_inner_zag, layout_cave_pools, supply_closet_lemuel,
          grunt_decor_one_mirror, small_statue_intersection,
          minmay_goblin_kobold_house, uniq_edmund
D:5:      layout_layer_cave

Skill      XL: |  1  2  3  4  5  6  7 |
---------------+----------------------+-----
Unarmed Combat | 4 5 7 8 |  8.6
Fighting       | 3 |  3.0
Spellcasting   | |  1.0
Fire Magic     | |  2.1

Action                   |  1- 3 |  4- 6 |  7- 9 || total
-------------------------+-------+-------+-------++-------
Melee: Unarmed           |    91 |   170 |    51 ||   312
       Punch             |     3 |     2 |     1 ||     6
Invok: Fiery Armour      |       |     1 |       ||     1
  Use: Scroll            |     4 |     5 |     3 ||    12
       Potion            |       |     2 |     4 ||     6
Armor: Robe              |    37 |    41 |     7 ||    85
Dodge: Dodged            |    35 |    58 |    16 ||   109

Table legend:
 A = Non-vault XP
 B = Vault XP
 C = Vault XP percentage of total XP
 D = Non-vault monster count
 E = Vault monster count
 F = Vault count percentage of total count
                 A         B        C        D         E       F
            +---------+---------+-------+---------+---------+-------
      Total |     723 |     323 |  30.9 |      70 |      21 |  23.1
            +---------+---------+-------+---------+---------+-------
        D:1 |      43 |       0 |   0.0 |      23 |       0 |   0.0
        D:2 |      61 |       0 |   0.0 |      12 |       0 |   0.0
        D:3 |     146 |     256 |  63.7 |      14 |      12 |  46.2
        D:4 |     218 |      67 |  23.5 |      13 |       9 |  40.9
        D:5 |     255 |       0 |   0.0 |       8 |       0 |   0.0
            +---------+---------+-------+---------+---------+-------
